 Dungeon Crawl Stone Soup version 0.32-a0-484-g2eb335deba (webtiles) character file.

Game seed: 4897666055722804387

86 Alarak the Trooper (level 4, -1/40 HPs)
             Began as a Formicid Fighter on Feb 26, 2024.
             Slain by a gnoll
             ... wielding a +0 spear
              (4 damage)
             ... on level 3 of the Dungeon.
             The game lasted 00:03:53 (1881 turns).

Alarak the Trooper (Formicid Fighter)               Turns: 1881, Time: 00:03:53

Health: -1/40      AC:  9    Str: 22    XL:     4   Next: 77%
Magic:  4/4        EV:  9    Int:  8    God:
Gold:   90         SH:  5    Dex: 13    Spells: 3/3 levels left

rFire   . . .        g - +3 whip
rCold   . . .        c - +0 buckler
rNeg    . . .        b - +0 scale mail
rPois   .            (helmet unavailable)
rElec   .            h - +0 cloak
rCorr   .            j - +0 pair of gloves
SInv    +            (no boots)
Will    .....        (no amulet) Stlth
                     (no ring)
HPRegen 0.26/turn    (no ring)
MPRegen 0.09/turn

%: no passive effects
@: no status effects
A: permanent stasis, dig shafts and tunnels, antennae 3, four strong arms
a: Dig, Shaft Self


You were on level 3 of the Dungeon.
You visited 1 branch of the dungeon, and saw 3 of its levels.

You collected 90 gold pieces.

Inventory:

Hand Weapons
 a - a +0 war axe
 g - a +3 whip (weapon)
Armour
 b - a +0 scale mail (worn)
 c - a +0 buckler (worn)
 h - a +0 cloak (worn)
 j - a +0 pair of gloves (worn)
Jewellery
 k - a ring of wizardry
Wands
 l - a wand of flame (20)
Potions
 d - 2 potions of might
 e - a potion of enlightenment {unknown}
 f - 4 potions of curing {unknown}
 i - a potion of degeneration {unknown}


   Skills:
 + Level 5.6 Fighting
 - Level 2.0 Axes
 - Level 3.2 Armour
 - Level 4.0 Shields


You had 3 spell levels left.
You didn't know any spells.
Your spell library contained the following spells:

 Spells                   Type           Power      Damage    Failure   Level
 Dazzling Flash           Conj/Hex       0%         N/A       99%         3
 Volatile Blastmotes      Fire/Tloc      0%         2d10      99%         3
 Starburst                Conj/Fire      0%         6d3       100%        6
 Maxwell's Capacitive Co  Air            0%         ∞         100%        8


Dungeon Overview and Level Annotations

Branches:
Dungeon (3/15)

Altars:

Annotations:
D:3 Grinder


Innate Abilities, Weirdness & Mutations

You cannot be hasted, slowed, berserked, paralysed or teleported.
You can dig through walls and to a lower floor.
You have a pair of large antennae on your head. (SInv)
Your four strong arms can wield two-handed weapons with a shield.


Message History

Your stasis prevents you from being paralysed.
You closely miss Grinder.
Grinder is lightly wounded.
The gnoll barely misses you. You block the gnoll's attack.
Grinder hits you but does no damage.
You closely miss Grinder.
Grinder is lightly wounded.
You block the gnoll's attack. The gnoll closely misses you.
Grinder gestures at you.
Your stasis prevents you from being paralysed.
You closely miss Grinder.
Grinder is lightly wounded.
The gnoll completely misses you. The gnoll hits you but does no damage.
Grinder hits you but does no damage.
You barely miss Grinder.
Grinder is lightly wounded.
The gnoll hits you with a +0 spear. The gnoll hits you with a +0 whip.
Grinder misses you.
You hit Grinder.
Grinder is lightly wounded.
The gnoll barely misses you. The gnoll hits you but does no damage.
Grinder hits you.
You writhe in agony.
You hit Grinder.
Grinder is moderately wounded.
The gnoll closely misses you. The gnoll barely misses you.
Grinder closely misses you.
You hit Grinder.
Grinder is heavily wounded.
The gnoll hits you with a +0 spear! The gnoll hits you with a +0 whip.
* * * LOW HITPOINT WARNING * * *
Grinder hits you but does no damage.
You hit Grinder.
Grinder is heavily wounded.
You block the gnoll's attack. The gnoll misses you. Grinder barely misses you.
You hit Grinder but do no damage.
Grinder is heavily wounded.
You block the gnoll's attack. The gnoll hits you with a +0 whip!
* * * LOW HITPOINT WARNING * * *
You block Grinder's attack. The gnoll hits you with a +0 spear.
You die...

#.#.# #.#.#
#.#.# #.#.#
#.#.# #...#
##..# #$.#
#.@#,
......gg5......
######........:
#.....<...
#..#.....#
#..##...## #..#
#(## #..# .#


You could see Grinder and 2 gnolls.

Vanquished Creatures
  Jessica (D:2)
  Ijyb (D:3)
  An adder (D:2)
  A dart slug (D:1)
  An orc (D:2)
  3 endoplasms (D:1)
  5 goblins
  2 hobgoblins (D:1)
  2 quokkas (D:1)
  A ball python (D:1)
  4 bats
  A kobold (D:1)
23 creatures vanquished.

Notes
Turn   | Place    | Note
-------+----------+-------------------------------------------
     0 | D:1      | Alarak the Formicid Fighter began the quest for the Orb.
     0 | D:1      | Reached XP level 1. HP: 18/18 MP: 1/1
   125 | D:1      | Reached XP level 2. HP: 24/25 MP: 2/2
   209 | D:1      | Reached skill level 4 in Fighting
  1204 | D:2      | Noticed Jessica
  1210 | D:2      | Reached XP level 3. HP: 29/31 MP: 3/3
  1215 | D:2      | Killed Jessica
  1216 | D:2      | Reached skill level 5 in Fighting
  1362 | D:2      | Reached XP level 4. HP: 39/39 MP: 4/4
  1659 | D:3      | Noticed Ijyb
  1679 | D:3      | Killed Ijyb
  1867 | D:3      | Noticed Grinder
  1881 | D:3      | Slain by a gnoll

Illustrated notes

Levels and vault maps discovered:
D:1:      saegor_arrival_simple_e, layout_basic, minivault_26
D:2:      layout_rooms, uniq_jessica
D:3:      layout_loops_ring, mainiacjoe_overflow_alcove_1,
          nicolae_shop_vocational, uniq_robin, uniq_grinder, uniq_natasha,
          uniq_ijyb

Skill      XL: |  1  2  3 |
---------------+----------+-----
Fighting       | 4 5 |  5.6
Axes           | |  2.0
Armour         | |  3.2
Shields        | |  4.0

Action                     |  1- 3 |  4- 6 || total
---------------------------+-------+-------++-------
  Melee: War axe           |    14 |       ||    14
         Whip              |    35 |    41 ||    76
    Use: Scroll            |       |     2 ||     2
 Armour: Scale mail        |    30 |    34 ||    64
  Dodge: Dodged            |    18 |    29 ||    47
  Block: Buckler           |    14 |    10 ||    24

Table legend: (Time is in decaauts)
 A = Elapsed time spent in this place.
 B = Non-inter-level travel time spent in this place.
 C = Inter-level travel time spent in this place.
 D = Time resting spent in this place.
 E = Time spent auto-exploring this place.
 F = Levels seen in this place.
 G = Mean time per level.
                   A        B        C        D        E       F      G
               +--------+--------+--------+--------+--------+-----+--------+
         Total |   1891 |   1741 |    150 |    161 |   1368 |   3 |  630.3 |
       Dungeon |   1891 |   1741 |    150 |    161 |   1368 |   3 |  630.3 |
               +--------+--------+--------+--------+--------+-----+--------+

Top non-repeatable levels by time:
     D:1: 1149 daAuts
     D:2: 516 daAuts
     D:3: 226 daAuts
